 Dungeon Crawl Stone Soup version 0.32-a0-913-g739538afd8 (webtiles) character file.

Game seed: 800070619677200130

310 Rohain the Grasshopper (level 6, 0/76 HPs)
             Began as a Gnoll Warper on Apr 9, 2024.
             Frozen to death by an endoplasm (4 damage)
             ... in a sewer.
             The game lasted 00:04:53 (3374 turns).

Rohain the Grasshopper (Gnoll Warper)               Turns: 3374, Time: 00:04:54

Health: 0/76       AC: 23    Str: 10 (11) XL:     6   Next: 41%
Magic:  14/14      EV:  2    Int: 16 (18) God:
Gold:   140        SH:  0    Dex: 11 (13) Spells: 10/15 levels left

rFire   . . .        a - +0 falchion
rCold   . . .        (no shield)
rNeg    . . .        b - melded +0 leather armour
rPois   +            g - melded +0 helmet
rElec   .            n - melded +0 cloak
rCorr   .            (gloves currently unavailable)
SInv    .            (boots currently unavailable)
Will    .....        (no amulet)
Stlth   ++           e - +6 ring of intelligence
HPRegen 0.32/turn    (no ring)
MPRegen 0.14/turn

%: no passive effects
@: mighty, tree-form
A: stationary, stasis, torment immunity, boosted hp, (fangs 1), strong nose,
distributed training
a: no special abilities


You were in a sewer.
You were a tree.
You visited 1 branch of the dungeon, and saw 3 of its levels.
You also visited: Sewer.

You collected 140 gold pieces.

Inventory:

Hand Weapons
 a - a +0 falchion (weapon)
Missiles
 d - 6 darts of dispersal (quivered)
 f - a throwing net
Armour
 b - a +0 leather armour (melded)
 g - a +0 helmet (melded)
 n - a +0 cloak (melded)
Jewellery
 e - a +6 ring of intelligence (left branch)
Wands
 k - a wand of flame (11)
Scrolls
 c - 2 scrolls of blinking
 m - a scroll of summoning {unknown}
Potions
 h - a potion of resistance
 j - a potion of might


   Skills:
 + Level 5.0 Fighting
 + Level 2.0 Short Blades
 + Level 5.0 Long Blades
 + Level 2.0 Axes
 + Level 2.0 Maces & Flails
 + Level 2.0 Polearms
 + Level 2.0 Staves
 + Level 2.0 Ranged Weapons
 + Level 3.3 Throwing
 + Level 3.3 Armour
 + Level 5.0 Dodging
 + Level 2.0 Stealth
 + Level 2.0 Shields
 + Level 2.0 Unarmed Combat
 + Level 5.4 Spellcasting
 + Level 1.6 Conjurations
 + Level 1.6 Hexes
 + Level 1.6 Summonings
 + Level 1.6 Necromancy
 + Level 5.7 Translocations
 + Level 1.6 Fire Magic
 + Level 1.6 Ice Magic
 + Level 1.6 Air Magic
 + Level 1.6 Earth Magic
 + Level 1.6 Alchemy
 + Level 2.2 Invocations
 + Level 2.0 Evocations
 + Level 1.8 Shapeshifting


You had 10 spell levels left.
You knew the following spells:

 Your Spells              Type           Power      Damage    Failure   Level
a - Blink                 Tloc           44%        N/A       2%          2
b - Maxwell's Portable P  Tloc           22%        2d(7-20)  4%          3

Your spell library contained the following spells:

 Spells                   Type           Power      Damage    Failure   Level
 Lesser Beckoning         Tloc           44%        N/A       2%          2
 Teleport Other           Tloc           22%        N/A       4%          3
 Sandblast                Erth           18%        2d7       8%          1
 Cigotuvi's Dreadful Rot  Necr/Alch/Air  18%        N/A       12%         2
 Fugue of the Fallen      Necr           9%         N/A       22%         3
 Ozocubu's Armour         Ice            9%         N/A       22%         3
 Stone Arrow              Conj/Erth      18%        3d8       22%         3
 Vhi's Electric Charge    Tloc/Air       32%        N/A       32%         4
 Brom's Barrelling Bould  Conj/Erth      9%         2d3       58%         4
 Dispel Undead            Necr           9%         3d8       58%         4
 Martyr's Knell           Necr/Summ      9%         N/A       58%         4
 Manifold Assault         Tloc           11%        N/A       100%        7


Dungeon Overview and Level Annotations

Branches:
Dungeon (3/15)              Sewer (1/1)

Altars:
Lugonu

Annotations:
D:3 2 runed translucent doors


Innate Abilities, Weirdness & Mutations

You are a tree.
Your roots penetrate the ground, keeping you stationary.
You cannot be teleported.
You are immune to unholy pain and torment.
Your maximum health is greatly increased.
Your equipment is partially melded.
((You have very sharp teeth.))
Your uncanny sense of smell can sniff out nearby items.
Your experience applies equally to all skills.


Message History

The ball python constricts you. The bullfrog hits you!
The endoplasm hits you but does no damage.
You hit the ball python.
You kill the ball python!
The bullfrog hits you.
The bullfrog hits you but does no damage.
The endoplasm freezes you.
You are frozen.
The bullfrog hits you.
You hit the endoplasm.
The endoplasm is almost dead.
The bullfrog hits you!
* * * LOW HITPOINT WARNING * * *
The bullfrog barely misses you. The endoplasm freezes you.
You are frozen.
* * * LOW HITPOINT WARNING * * *
The bullfrog hits you.
* * * LOW HITPOINT WARNING * * *
It was a potion of might.
You feel very mighty all of a sudden. The bullfrog hits you.
* * * LOW HITPOINT WARNING * * *
The bullfrog hits you but does no damage.
The endoplasm hits you.
* * * LOW HITPOINT WARNING * * *
The bullfrog barely misses you.
It was a potion of lignification.
You turn into a tree.
Your +0 cloak melds into your body.
Your +0 helmet melds into your body.
Your +0 leather armour melds into your body.
Your roots penetrate the ground.
The bullfrog completely misses you.
The bullfrog hits you but does no damage.
The endoplasm hits you but does no damage.
The bullfrog hits you but does no damage.
It was a potion of degeneration.
There was something very wrong with that liquid.
You feel weakened.
You feel dopey.
You feel clumsy.
The bullfrog hits you but does no damage. x2
The endoplasm freezes you.
You are frozen.
You die...

#~~##~.# #~.###~#.~#
#.~#~~##≈≈~~~~≈##.~~#~#~.#
#~~#~~#≈≈~.~~~.≈#~~∩#~#.~#
#~.#~~#≈≈~..~~~≈#.~~#~#~.#
#.~#~~#≈.~$.~.~.#~~##~#~~#
#~~#~~#≈~.$?~~~.#~.#.~#~~#
#~~#~~#≈~.)/$~~~#.~#~~#~.#
#~~#~.##≈~.?.F†##†.#~~~~~#
#~~##~.#≈~..~J♣~~..#~.†~.#
#~~~#~†##≈~..F~~†###~~~.~#
##..#..~##≈~.~.###.#######
#†~##~~.#######~††.~#
#~~~#.~~.~~.~~.~~~~.#
##~~##.~~~~.~~~##~~##
#~~~##~~~~~~~##~~##
#†~~.###~~~###~~~#
##~~~~~#####~~.~~#


You could see 2 bullfrogs and an endoplasm.

Vanquished Creatures
  An orc priest (D:3)
  9 adders
  8 gnolls
  A river rat (D:3)
  8 dart slugs
  4 orcs (D:3)
  10 ball pythons
  15 endoplasms
  12 giant cockroaches (Sewer)
  A hobgoblin (D:2)
  2 jackals (D:1)
  3 kobolds
  2 quokkas (D:1)
  5 bats
  9 frilled lizards
  4 goblins
  4 rats
98 creatures vanquished.

Vanquished Creatures (others)
  A giant cockroach (Sewer)
1 creature vanquished.

Grand Total: 99 creatures vanquished

Notes
Turn   | Place    | Note
-------+----------+-------------------------------------------
     0 | D:1      | Rohain the Gnoll Warper began the quest for the Orb.
     0 | D:1      | Reached XP level 1. HP: 20/20 MP: 6/6
   146 | D:1      | Found a faded altar of an unknown god.
   182 | D:1      | Reached XP level 2. HP: 19/26 MP: 7/7
   276 | D:1      | Learned a level 2 spell: Blink
   857 | D:1      | Reached skill level 5 in Spellcasting
   857 | D:1      | Reached XP level 3. HP: 29/31 MP: 7/9
  1150 | D:1      | Reached skill level 1 in Invocations
  1267 | D:1      | Reached skill level 1 in Short Blades
  1267 | D:1      | Reached skill level 1 in Axes
  1267 | D:1      | Reached skill level 1 in Maces & Flails
  1267 | D:1      | Reached skill level 1 in Polearms
  1267 | D:1      | Reached skill level 1 in Staves
  1267 | D:1      | Reached skill level 1 in Ranged Weapons
  1267 | D:1      | Reached skill level 1 in Stealth
  1267 | D:1      | Reached skill level 1 in Shields
  1267 | D:1      | Reached skill level 1 in Unarmed Combat
  1267 | D:1      | Reached skill level 1 in Evocations
  1271 | D:1      | Reached skill level 1 in Shapeshifting
  1271 | D:1      | Reached XP level 4. HP: 18/38 MP: 11/11
  1351 | D:1      | Learned a level 3 spell: Maxwell's Portable Piledriver
  1618 | D:2      | Reached skill level 1 in Conjurations
  1618 | D:2      | Reached skill level 1 in Hexes
  1618 | D:2      | Reached skill level 1 in Summonings
  1618 | D:2      | Reached skill level 1 in Necromancy
  1618 | D:2      | Reached skill level 1 in Fire Magic
  1618 | D:2      | Reached skill level 1 in Ice Magic
  1618 | D:2      | Reached skill level 1 in Air Magic
  1618 | D:2      | Reached skill level 1 in Earth Magic
  1618 | D:2      | Reached skill level 1 in Alchemy
  2274 | D:3      | Reached XP level 5. HP: 43/43 MP: 8/12
  2313 | D:3      | Found a large runed translucent door.
  2315 | D:3      | Found a large runed translucent door.
  2315 | D:3      | Found a corrupted altar of Lugonu.
  2825 | D:3      | Found a glowing drain.
  2834 | Sewer    | Entered a sewer
  2892 | Sewer    | Reached XP level 6. HP: 47/50 MP: 13/13
  3063 | Sewer    | Reached skill level 5 in Fighting
  3063 | Sewer    | Reached skill level 5 in Long Blades
  3063 | Sewer    | Reached skill level 5 in Dodging
  3372 | Sewer    | HP: 2/51 [endoplasm (2)]
  3374 | Sewer    | Frozen to death by an endoplasm

Illustrated notes

Levels and vault maps discovered:
D:1:      shiori_shiawase, layout_basic, basic_ecumenical_altar,
          ebering_dispersal_statue_hall
D:2:      layout_loops_ring, minmay_fractal_squares_gapless_5
D:3:      due_chaos_kobolds, layout_loops_ring, portal_sewer_entry_b,
          serial_glass, glass_columns_a, glass_columns_b, glass_columns_b
Sewer:    sewer_frog_island_02

Skill      XL: |  1  2  3  4  5  6 |
---------------+-------------------+-----
Spellcasting   | 5 |  5.4
Invocations    | 1 2 |  2.2
Short Blades   | 1 2 |  2.0
Axes           | 1 2 |  2.0
Maces & Flails | 1 2 |  2.0
Polearms       | 1 2 |  2.0
Staves         | 1 2 |  2.0
Ranged Weapons | 1 2 |  2.0
Stealth        | 1 2 |  2.0
Shields        | 1 2 |  2.0
Unarmed Combat | 1 2 |  2.0
Evocations     | 1 2 |  2.0
Shapeshifting  | 1 |  1.8
Conjurations   | 1 |  1.6
Hexes          | 1 |  1.6
Summonings     | 1 |  1.6
Necromancy     | 1 |  1.6
Fire Magic     | 1 |  1.6
Ice Magic      | 1 |  1.6
Air Magic      | 1 |  1.6
Earth Magic    | 1 |  1.6
Alchemy        | 1 |  1.6
Throwing       | 3 |  3.3
Armour         | 3 |  3.3
Fighting       | 5 |  5.0
Long Blades    | 5 |  5.0
Dodging        | 5 |  5.0
Translocations | |  5.7

Action                     |  1- 3 |  4- 6 || total
---------------------------+-------+-------++-------
  Melee: Falchion          |    67 |   279 ||   346
         Bite              |    10 |    26 ||    36
  Throw: Dart              |     1 |       ||     1
   Cast: Maxwell's Portabl |       |    13 ||    13
    Use: Scroll            |     2 |     1 ||     3
         Potion            |       |     3 ||     3
   Stab: Sleeping          |     1 |     1 ||     2
 Armour: Leather armour    |    38 |   262 ||   300
         Skin              |       |     5 ||     5
  Dodge: Dodged            |    49 |   223 ||   272

Table legend: (Time is in decaauts)
 A = Elapsed time spent in this place.
 B = Non-inter-level travel time spent in this place.
 C = Inter-level travel time spent in this place.
 D = Time resting spent in this place.
 E = Time spent auto-exploring this place.
 F = Levels seen in this place.
 G = Mean time per level.
                   A        B        C        D        E       F      G
               +--------+--------+--------+--------+--------+-----+--------+
         Total |   3456 |   3314 |    142 |    172 |   2339 |   4 |  864.0 |
       Dungeon |   2850 |   2708 |    142 |    172 |   2040 |   3 |  950.0 |
         Sewer |    605 |    605 |      0 |      0 |    299 |   1 |  605.0 |
               +--------+--------+--------+--------+--------+-----+--------+

Top non-repeatable levels by time:
     D:1: 1225 daAuts
     D:2: 909 daAuts
     D:3: 715 daAuts
   Sewer: 605 daAuts
